 Dungeon Crawl Stone Soup version 0.31.0-12-g77e489cdc1 (webtiles) character file.

Game seed: 11214434187669008313

26 Gadfly the Trooper (level 3, -1/40 HPs)
             Began as an Oni Berserker on Feb 24, 2024.
             Was a Follower of Trog.
             Slain by a gnoll
             ... wielding a +0 whip
              (8 damage)
             ... on level 2 of the Dungeon.
             The game lasted 00:01:24 (1386 turns).

Gadfly the Trooper (Oni Berserker)                  Turns: 1386, Time: 00:01:24

Health: -1/40      AC:  3    Str: 21    XL:     3   Next: 8%
Magic:  3/3        EV: 10    Int:  8    God:    Trog [*.....]
Gold:   46         SH:  0    Dex: 10    Spells: 2/2 levels left

rFire   . . .        a - +0 mace
rCold   . . .        (no shield)
rNeg    . . .        b - +0 animal skin
rPois   .            (helmet restricted)
rElec   .            (no cloak)
rCorr   .            (gloves unavailable)
SInv    .            (boots unavailable)
Will    .....        (no amulet)
Stlth   +            (no ring)
HPRegen 0.26/turn    (no ring)
MPRegen 0.08/turn

%: no passive effects
@: confused
A: large, unfitting armour, horns 1, tough skin 1, double potion healing,
drunken brawling
a: Renounce Religion, Berserk


You were on level 2 of the Dungeon.
You worshipped Trog.
Trog was aware of your devotion.
You visited 1 branch of the dungeon, and saw 2 of its levels.

You collected 46 gold pieces.

Inventory:

Hand Weapons
 a - a +0 mace (weapon)
Armour
 b - a +0 animal skin (worn)
Scrolls
 c - a scroll of identify
 f - a scroll of amnesia {unknown}
Potions
 d - a potion of enlightenment
 e - 2 potions of degeneration {unknown}
 g - a potion of might {unknown}


   Skills:
 + Level 4.3 Fighting
 * Level 3.3 Maces & Flails
 * Level 1.0 Armour
 - Level 2.6 Dodging
 * Level 0.9 Evocations


You had 2 spell levels left.
You didn't know any spells.
Your spell library was empty.

Dungeon Overview and Level Annotations

Branches:
Dungeon (2/15)

Altars:

Annotations:
D:2 Sigmund


Innate Abilities, Weirdness & Mutations

You are too large for most types of armour.
You have a pair of small horns on your head.
You have tough skin. (AC +1)
You gain doubled healing and magic from potions.
Whenever you drink a healing potion, you attack all around you.


Message History

The goblin hits you with a +0 club.
You hit the goblin.
The goblin is heavily wounded.
The goblin closely misses you. The goblin hits you but does no damage.
You hit the goblin.
You kill the goblin!
Trog accepts your kill.
HP restored.
f - a scroll labelled HEKHIPOPPO A gnoll and a bat come into view.
There are monsters nearby!
There are monsters nearby!
Sigmund and a gnoll come into view.
Sigmund is wielding a +0 scythe, wearing a +2 robe of willpower and carrying a wand of flame.
The gnoll shouts! x2; You hear a shout!
A gnoll comes into view. It is wielding a +0 halberd.
The bat hits you.
You barely miss the bat.
The gnoll shouts!
You headbutt the bat.
You kill the bat!
Trog accepts your kill.
You hear a shout!
An adder comes into view.
Sigmund points at you and mumbles some strange words.
You are confused. 2 kobolds come into view.
The kobold shouts!
The adder hisses angrily.
The kobold shouts!
A gnoll comes into view. It is wielding a +0 club.
The gnoll hits you with a +0 flail! The gnoll hits you but does no damage.
The gnoll hits you with a +0 flail! Sigmund misses you.
The gnoll barely misses you.
The gnoll closely misses you. x2; Sigmund hits you with a +0 scythe!
* * * LOW HITPOINT WARNING * * *
The adder bites you.
* * * LOW HITPOINT WARNING * * *
You hit the gnoll. Your headbutt misses the gnoll.
The gnoll is lightly wounded.
The gnoll hits you with a +0 whip!
You die...

#.# #.#.##### #.#
#.#.#..# #.## #.#.#..#
#..## #.#.#..#
#+########..## #.#.#..#
..........#..# #.#.#..#
..........##.# #.#.#..#
........g.##.###.#.#..#
.......@g.##..##.#.#..#
......KS@g###..#.#.#..##
......Kg..# ##...#.#..†.
..........# ##..#.#.###
..........# #..#......
........... #..#.#####
...........# #..#......
...........# #..#######
#..# #


You could see Sigmund, 4 gnolls, an adder and 2 kobolds.

Vanquished Creatures
  2 dart slugs (D:1)
  A ball python (D:2)
  2 endoplasms (D:1)
  2 giant cockroaches (D:1)
  2 goblins
  3 hobgoblins (D:1)
  3 kobolds (D:1)
  A bat (D:2)
  3 frilled lizards (D:1)
19 creatures vanquished.

Notes
Turn   | Place    | Note
-------+----------+-------------------------------------------
     0 | D:1      | Gadfly the Oni Berserker began the quest for the Orb.
     0 | D:1      | Reached XP level 1. HP: 24/24 MP: 1/1
   132 | D:1      | Found a faded altar of an unknown god.
   171 | D:1      | Reached XP level 2. HP: 32/32 MP: 2/2
   886 | D:1      | Reached skill level 1 in Armour
  1243 | D:2      | Reached XP level 3. HP: 39/39 MP: 3/3
  1379 | D:2      | Noticed Sigmund
  1386 | D:2      | Slain by a gnoll

Illustrated notes

Levels and vault maps discovered:
D:1:      elethiomel_arrival_quiet, layout_basic,
          shapermc_ecumenical_altar_mp_ritualfount
D:2:      layout_basic, basic_altar, uniq_sigmund

Skill      XL: |  1  2 |
---------------+-------+-----
Armour         | 1 |  1.0
Fighting       | |  4.3
Maces & Flails | |  3.3
Dodging        | |  2.6
Evocations     | |  0.9

Action                     || total
---------------------------++-------
  Melee: Mace              ||    55
         Headbutt          ||    12
    Use: Scroll            ||     2
 Armour: Animal skin       ||    37
  Dodge: Dodged            ||    27
